 Dungeon Crawl Stone Soup version 0.20.1-1-g8b1a95d (webtiles) character file.

25 manon the Magician (level 3, 0/19 HPs)
             Began as a Gargoyle Wizard on Aug 18, 2017.
             Slain by a gnoll
             ... wielding a +0 club
              (6 damage)
             ... on level 1 of the Dungeon.
             The game lasted 00:07:28 (912 turns).

manon the Magician (Gargoyle Wizard)                 Turns: 912, Time: 00:07:28

Health: 0/19       AC:  5    Str: 10    XL:     3   Next: 6%
Magic:  1/7        EV: 12    Int: 19    God:
Gold:   43         SH:  0    Dex:  8    Spells: 7/8 levels left

rFire    . . .     SeeInvis .   b - +0 hunting sling
rCold    . . .     Gourm    .   (no shield)
rNeg     + . .     Faith    .   g - +0 robe
rPois    ∞         Spirit   .   j - +0 hat
rElec    +         Reflect  .   (no cloak)
rCorr    .         Harm     .   (no gloves)
MR       .....                  (no boots)
Stlth    ++........             (no amulet)
Regen    0.1/turn               (no ring)
MPRegen  0.1/turn               (no ring)

@: very slightly contaminated
A: negative energy resistance 1, electricity resistance, unbreathing,
petrification resistance, rot immunity, AC +3
a: no special abilities


You were on level 1 of the Dungeon.
You were not hungry.

You visited 1 branch of the dungeon, and saw 1 of its levels.

You collected 43 gold pieces.

Inventory:

Hand Weapons
 a - a +0 whip
 b - a +0 hunting sling (weapon)
 f - a +0 club
Missiles
 e - 105 stones (quivered)
Armour
 g - a +0 robe (worn)
 j - a +0 hat (worn)
Jewellery
 i - an uncursed amulet of regeneration {unknown}
Scrolls
 k - a scroll of teleportation {unknown}
 m - a scroll of remove curse {unknown}
Potions
 l - a potion of agility {unknown}
 n - 2 potions of curing {unknown}
 o - a potion of lignification {unknown}
 p - a potion of cancellation {unknown}
Books
 c - a book of Minor Magic

   Spells                             Type                      Level
   a - Magic Dart                     Conjuration                  1
   b - Blink                          Translocation                2
   c - Call Imp                       Summoning                    2
   d - Slow                           Hexes                        2
   e - Conjure Flame                  Conjuration/Fire             3
   f - Mephitic Cloud                 Conjuration/Poison/Air       3
Comestibles
 d - 2 bread rations
 h - a fruit


   Skills:
 + Level 0.6 Maces & Flails
 - Level 1.5 Dodging
 - Level 2.1 Stealth
 - Level 3.0 Spellcasting
 * Level 3.0 Conjurations
   Level 0.8 Summonings
   Level 0.8 Translocations


You had 7 spell levels left.
You knew the following spells:

 Your Spells              Type           Power        Failure   Level  Hunger
a - Magic Dart            Conj           ##..         4%          1    None


Dungeon Overview and Level Annotations

Branches:
Dungeon (1/15)

Altars:


Innate Abilities, Weirdness & Mutations

You are resistant to torment.
Your stone body is resilient. (AC +3)
You are immune to poison.
You resist negative energy. (rN+)
You are resistant to electric shocks. (rElec)
You can survive without breathing.
You are immune to petrification.
You are immune to rotting.


Message History

You are very lightly contaminated with residual magic.
Nothing appears to happen.
The gnoll hits you with a club.
* * * LOW HITPOINT WARNING * * *
Casting: Magic Dart
Confirm with . or Enter, or press ? or * to list all spells.
Aiming: Magic Dart
Press: ? - help, Shift-Dir - straight line, f/p - gnoll
Aim: a gnoll, wielding a club (severely wounded)
The magic dart hits the gnoll.
The gnoll is severely wounded.
The gnoll hits you but does no damage. The gnoll completely misses you.
Casting: Magic Dart
Confirm with . or Enter, or press ? or * to list all spells.
Aiming: Magic Dart
Press: ? - help, Shift-Dir - straight line, f/p - gnoll
Aim: a gnoll, wielding a club (severely wounded)
You miscast Magic Dart.
Nothing appears to happen.
The gnoll hits you with a club.
You die...

#####.......).######.
....................'.
#.....##.......######. #.###.
#.......# #. . #
#.......######. #
####..#........ #.
#.......#### #.
############)......#
####'##..(.g@............#
#.....#.####.........†...####
##.%...#.# #.#####...........
.(.......# #.# #.......####
.........# #.# #.#######
.........# #.# #.# #####
.........# #.#####.# ####....
........## #.......###...####
######### ###.#####..#####§≈


You could see a gnoll.

Vanquished Creatures
  An ooze (D:1)
  A giant cockroach (D:1)
  4 goblins (D:1)
  7 hobgoblins (D:1)
  2 frilled lizards (D:1)
  4 kobolds (D:1)
19 creatures vanquished.

Notes
Turn   | Place    | Note
-------+----------+-------------------------------------------
     0 | D:1      | manon the Gargoyle Wizard began the quest for the Orb.
     0 | D:1      | Reached XP level 1. HP: 10/10 MP: 4/4
   183 | D:1      | Reached XP level 2. HP: 15/15 MP: 0/6
   835 | D:1      | Reached XP level 3. HP: 19/19 MP: 5/7
   912 | D:1      | Slain by a gnoll

Skill      XL: |  1  2  3 |
---------------+----------+-----
Conjurations   | 2 3 |  3.0
Maces & Flails | |  0.6
Dodging        | |  1.5
Stealth        | |  2.1
Spellcasting   | |  3.0
Summonings     | |  0.8
Translocations | |  0.8

Action                   || total
-------------------------++-------
Melee: Unarmed           ||     3
       Whip              ||    28
       Club              ||     4
 Fire: Hunting sling     ||    17
Throw: Stone             ||     4
 Cast: Magic Dart        ||    29
 Stab: Sleeping          ||     1
Armor: Robe              ||    13
Dodge: Dodged            ||    39
